 Dungeon Crawl Stone Soup version 0.28-a0-1493-g08698888e4 (webtiles) character file.

Game seed: 14292760647745275244

819 melkoren the Chopper (level 7, -14/50 HPs)
             Began as a Minotaur Berserker on Jan 12, 2022.
             Was a Priest of Trog.
             Demolished by a two-headed ogre (17 damage)
             ... on level 6 of the Dungeon.
             The game lasted 00:12:53 (6189 turns).

melkoren the Chopper (Minotaur Berserker)           Turns: 6189, Time: 00:12:54

Health: -14/50     AC: 13    Str: 23    XL:     7   Next: 63%
Magic:  6/6        EV:  8    Int:  4    God:    Trog [***...]
Gold:   179        SH:  0    Dex: 10    Spells: 6/6 levels left

rFire   . . .      SeeInvis .   a - +1 hand axe (venom)
rCold   . . .      Faith    .   (no shield)
rNeg    . . .      Spirit   .   r - +0 plate armour
rPois   +          Reflect  .   (helmet restricted)
rElec   .          Harm     .   (no cloak)
rCorr   .          Rampage  .   (no gloves)
Will    .....                   y - +0 pair of boots
Stlth   ..........              s - amulet of the acrobat
HPRegen 0.16/turn               Y - +4 ring of slaying
MPRegen 0.10/turn               (no ring)

@: lethally poisoned (-14 -> -18)
A: horns 2, retaliatory headbutt, frail 2, high mp 1, poison resistance
a: Renounce Religion, Berserk, Trog's Hand


You were on level 6 of the Dungeon.
You worshipped Trog.
Trog was most pleased with you.
You visited 1 branch of the dungeon, and saw 6 of its levels.

You collected 179 gold pieces.


Innate Abilities, Weirdness & Mutations

You have a pair of horns on your head.
You reflexively headbutt those who attack you in melee.
You are very frail. (-20% HP)
You have an increased reservoir of magic. (+10% MP)
Your system is resistant to poisons. (rPois)


   Skills:
 + Level 6.2 Fighting
 + Level 6.3 Axes
 + Level 5.6 Armour
 + Level 5.1 Dodging


You had 6 spell levels left.
You didn't know any spells.
Your spell library was empty.

Inventory:

Hand Weapons
 a - a +1 hand axe of venom (weapon)
Missiles
 l - 2 throwing nets (quivered) {=f}
Armour
 b - a +0 animal skin
 o - a +0 ring mail
 p - a +0 chain mail
 r - a +0 plate armour (worn)
 y - a +0 pair of boots (worn)
Jewellery
 j - an amulet of faith {!P}
 s - an amulet of the acrobat (around neck)
 Y - a +4 ring of slaying (left hand)
Wands
 h - a wand of iceblast (13)
Scrolls
 e - 2 scrolls of identify {@r1}
 i - a scroll of teleportation {@r2}
 n - a scroll of magic mapping
 u - a scroll of fog
Potions
 c - 2 potions of flight
 f - a potion of mutation
 q - 2 potions of heal wounds {@q2}

Dungeon Overview and Level Annotations

Branches:
Dungeon (6/15)             Temple (0/1) D:5

Altars:

Shops:
D:3 =

Annotations:
D:5 1 runed translucent door

... #.# #.#.#
#.#.# #.#.#
#.#.# #.#.#
#.#.#####.##
##.#O@......#
#..g######.##
#.###)#
#.gg.g..#
#.#####.# ..#
#.. #.. ...


You could see a two-headed ogre (very poisoned) and a gnoll sergeant.


Message History

The two-headed ogre is lightly wounded.
The two-headed ogre barely misses you.
The two-headed ogre hits you with a +0 giant spiked club!
The gnoll sergeant completely misses you.
You hit the two-headed ogre.
The two-headed ogre looks as sick as possible!
You headbutt the two-headed ogre!
The two-headed ogre is moderately wounded.
The two-headed ogre hits you with a +0 dire flail!
* * * LOW HITPOINT WARNING * * *
The two-headed ogre hits you with a +0 giant spiked club!
* * * LOW HITPOINT WARNING * * *
The gnoll sergeant hits you but does no damage.
You are lethally poisoned!
You feel much better.
You feel very sick. The two-headed ogre barely misses you.
You furiously retaliate!
You headbutt the two-headed ogre!
The two-headed ogre hits you with a +0 giant spiked club!
* * * LOW HITPOINT WARNING * * *
The gnoll sergeant closely misses you.
* * * LOW HITPOINT WARNING * * *
You feel sick.
* * * LOW HITPOINT WARNING * * *
You feel sick.
There is a stone staircase leading up here.
* * * LOW HITPOINT WARNING * * *
You feel sick. The two-headed ogre barely misses you.
The two-headed ogre hits you with a +0 giant spiked club!
You die...

Skill      XL: |  1  2  3  4  5  6  7 |
---------------+----------------------+-----
Axes           | 4 5 6 |  6.3
Fighting       | 4 5 6 |  6.2
Armour         | 3 4 5 |  5.6
Dodging        | 3 4 5 |  5.1

Action                   |  1- 3 |  4- 6 |  7- 9 || total
-------------------------+-------+-------+-------++-------
Melee: Hand axe          |    53 |   176 |    38 ||   267
       Headbutt          |     4 |    25 |    12 ||    41
       Punch             |       |     1 |     1 ||     2
Invok: Berserk           |       |       |     1 ||     1
  Use: Potion            |       |       |    10 ||    10
       Scroll            |       |       |     6 ||     6
Armor: Animal skin       |     8 |     2 |       ||    10
       Chain mail        |       |    11 |       ||    11
       Ring mail         |       |     1 |       ||     1
       Plate armour      |       |    61 |    11 ||    72
Dodge: Dodged            |    30 |    80 |    21 ||   131

Levels and vault maps discovered:
D:1:      psy_arrival_whirlpool, layout_loops_corners,
          shapermc_ecumenical_altar_venn
D:2:      layout_basic, uniq_robin
D:3:      layout_basic, serial_shops, shop, grunt_ministairs_14
D:4:      layout_loops_corners, enter_ossuary_4, minmay_goblin_outpost
D:5:      layout_cave_pools, temple_doors_ab, ebering_ghost_sewer_f,
          corexii_hall_statues_x
D:6:      layout_loops_ring, minitemple

Notes
Turn   | Place    | Note
-------+----------+-------------------------------------------
     0 | D:1      | melkoren the Minotaur Berserker began the quest for the
                  | Orb.
     0 | D:1      | Reached XP level 1. HP: 19/19 MP: 0/0
   522 | D:1      | Reached XP level 2. HP: 24/27 MP: 1/1
   551 | D:1      | Found a faded altar of an unknown god.
   971 | D:2      | Reached skill level 4 in Axes
  1003 | D:2      | Noticed Robin
  1016 | D:2      | Reached skill level 4 in Fighting
  1353 | D:2      | Reached skill level 3 in Armour
  1353 | D:2      | Reached XP level 3. HP: 27/33 MP: 2/2
  1363 | D:2      | Killed Robin
  1455 | D:2      | Reached skill level 3 in Dodging
  1455 | D:2      | Reached XP level 4. HP: 21/41 MP: 3/3
  1615 | D:2      | Reached ** piety under Trog
  1664 | D:2      | You fall into a shaft and drop 2 floors!
  1720 | D:3      | Found Qokiurin's Jewellery Shop.
  2716 | D:2      | Reached XP level 5. HP: 46/47 MP: 4/4
  3422 | D:4      | Reached skill level 5 in Axes
  3422 | D:4      | Reached skill level 4 in Armour
  3530 | D:4      | Reached *** piety under Trog
  3693 | D:4      | Reached skill level 5 in Fighting
  4237 | D:5      | Entered Level 5 of the Dungeon
  4256 | D:5      | Reached XP level 6. HP: 49/56 MP: 5/5
  4359 | D:5      | Reached skill level 4 in Dodging
  4417 | D:5      | Noticed an ice beast
  4429 | D:5      | Killed an ice beast
  4813 | D:5      | Reached XP level 7. HP: 62/62 MP: 6/6
  4827 | D:5      | Found a staircase to the Ecumenical Temple.
  4850 | D:5      | Reached skill level 5 in Armour
  4952 | D:5      | Reached skill level 6 in Axes
  5037 | D:5      | Found a runed translucent door.
  5065 | D:5      | Found a runed translucent door.
  5082 | D:5      | Noticed Bediveer's ghost (amateur MiFi)
  5130 | D:5      | Reached skill level 6 in Fighting
  5146 | D:5      | HP: 6/94 [Bediveer's ghost (12)]
  5147 | D:5      | Killed Bediveer's ghost
  5148 | D:5      | Reached skill level 5 in Dodging
  5812 | D:5      | Gained mutation: You have an increased reservoir of magic.
                  | (+10% MP) [potion of mutation]
  5812 | D:5      | Gained mutation: You are frail. (-10% HP) [potion of
                  | mutation]
  5812 | D:5      | Gained mutation: You are very frail. (-20% HP) [potion of
                  | mutation]
  5812 | D:5      | Gained mutation: Your system is resistant to poisons.
                  | (rPois) [potion of mutation]
  6178 | D:6      | Noticed a two-headed ogre
  6185 | D:6      | HP: 5/50 [two-headed ogre (16)]
  6189 | D:6      | Demolished by a two-headed ogre

Vanquished Creatures
  The ghost of Bediveer the Skirmisher, an amateur MiFi of Gozag (D:5)
  An ice beast (D:5)
  A phantom (D:5)
  A water moccasin zombie (D:5)
  An orc priest (D:5)
  A hound (D:4)
  An iguana (D:2)
  2 scorpion zombies (D:5)
  2 orc wizards (D:5)
  2 hound zombies (D:5)
  Robin (D:2)
  8 adders
  4 gnolls
  A howler monkey skeleton (D:3)
  A white imp (D:5)
  An ufetubus (D:4)
  5 dart slugs
  An orc (D:5)
  4 endoplasms
  4 giant cockroaches
  9 hobgoblins
  2 jackals (D:3)
  10 kobolds
  3 quokkas
  7 ball pythons
  A bat (D:2)
  2 frilled lizards
  21 goblins
  5 rats
  2 rat zombies (D:4)
105 creatures vanquished.

Table legend: (Time is in decaauts)
 A = Elapsed time spent in this place.
 B = Non-inter-level travel time spent in this place.
 C = Inter-level travel time spent in this place.
 D = Time resting spent in this place.
 E = Time spent auto-exploring this place.
 F = Levels seen in this place.
 G = Mean time per level.
                   A        B        C        D        E       F      G
               +--------+--------+--------+--------+--------+-----+--------+
         Total |   6223 |   6081 |    142 |   1420 |   3713 |   6 | 1037.2 |
       Dungeon |   6223 |   6081 |    142 |   1420 |   3713 |   6 | 1037.2 |
               +--------+--------+--------+--------+--------+-----+--------+

Top non-repeatable levels by time:
     D:5: 1949 daAuts
     D:1: 1213 daAuts
     D:2: 1084 daAuts
     D:3: 992 daAuts
     D:4: 965 daAuts
     D:6: 18 daAuts

Table legend:
 A = Non-vault XP
 B = Vault XP
 C = Vault XP percentage of total XP
 D = Non-vault monster count
 E = Vault monster count
 F = Vault count percentage of total count
                 A         B        C        D         E       F
            +---------+---------+-------+---------+---------+-------
      Total |     887 |     284 |  24.3 |      77 |      28 |  26.7
            +---------+---------+-------+---------+---------+-------
        D:1 |      14 |       2 |  12.5 |       8 |       1 |  11.1
        D:2 |      94 |      37 |  28.2 |      18 |      12 |  40.0
        D:3 |      74 |       1 |   1.3 |      20 |       1 |   4.8
        D:4 |     109 |      18 |  14.2 |      15 |      10 |  40.0
        D:5 |     581 |     226 |  28.0 |      15 |       4 |  21.1
        D:6 |      15 |       0 |   0.0 |       1 |       0 |   0.0
            +---------+---------+-------+---------+---------+-------
